 Dungeon Crawl Stone Soup version 0.31.0-11-ge490571c62 (webtiles) character file.

Game seed: 13950554247136403849

264 qw the Shooter (level 5, -1/26 HPs)
             Began as a Spriggan Hunter on Feb 5, 2024.
             Blown up by Ijyb (5 damage)
             ... with a mindburst bolt
             ... on level 4 of the Dungeon.
             The game lasted 00:00:39 (2273 turns).

qw the Shooter (Spriggan Hunter)                    Turns: 2273, Time: 00:00:39

Health: -1/26      AC:  2    Str:  7    XL:     5   Next: 98%
Magic:  6/6        EV: 20    Int: 10    God:
Gold:   237        SH:  0    Dex: 21    Spells: 4/4 levels left

rFire   . . .        a - +0 shortbow
rCold   . . .        (shield currently unavailable)
rNeg    . . .        c - +0 robe
rPois   .            (helmet restricted)
rElec   .            (no cloak)
rCorr   .            (gloves unavailable)
SInv    +            (boots unavailable)
Will    .....        (no amulet)
Stlth   ++           (no ring)
HPRegen 0.24/turn    (no ring)
MPRegen 0.10/turn

%: no passive effects
@: very quick
A: very small, no large weapons, unfitting armour, see invisible, speed 3
a: no special abilities


You were on level 4 of the Dungeon.
You visited 1 branch of the dungeon, and saw 4 of its levels.

You collected 237 gold pieces.


Innate Abilities, Weirdness & Mutations

You are very small and have problems with some larger weapons.
You are too small for most types of armour.
You have supernaturally acute eyesight. (SInv)
You cover ground extremely quickly. (Speed+++)


   Skills:
 - Level 2.1 Fighting
 - Level 6.1 Ranged Weapons
 + Level 5.2 Dodging
 - Level 1.5 Stealth


You had 4 spell levels left.
You didn't know any spells.
Your spell library was empty.

Inventory:

Hand Weapons
 a - a +0 shortbow (weapon)
Armour
 c - a +0 robe (worn)
Jewellery
 e - a ring of ice
Scrolls
 d - a scroll of identify
Potions
 b - a potion of lignification {unknown}
 f - 3 potions of curing
 g - a potion of enlightenment {unknown}
 h - a potion of mutation {unknown}
 i - a potion of degeneration {unknown}

Dungeon Overview and Level Annotations

Branches:
Dungeon (4/15)
 Temple: D:4-7

Altars:

Annotations:
D:4 Ijyb


Message History

The goblin completely misses you. The goblin barely misses you.
The goblin completely misses you. The goblin misses you. x2
Your Ranged Weapons skill increases to level 6!
You shoot an arrow. The arrow hits the goblin.
The goblin is moderately wounded.
Your surroundings suddenly seem different. 4 goblins come into view.
The goblin shouts! x2
A goblin comes into view. It is wielding a +0 dagger. x2
The goblin shouts! x2
You shoot an arrow. The goblin shouts!
The arrow hits the goblin!
You kill the goblin!
The goblin unwields a +0 dagger.
The goblin wields a +0 sling.
The goblin shoots a sling bullet.
The sling bullet misses you.
Ijyb the Twisted Goblin comes into view.
She is wielding a +0 dagger, wearing a +1 leather armour of cold resistance and carrying a wand of mindburst.
You shoot an arrow. The arrow hits the goblin.
The goblin is moderately wounded.
You shoot an arrow. The arrow hits the goblin!
You kill the goblin!
The goblin unwields a +0 dagger.
The goblin wields a +0 sling.
The goblin shoots a sling bullet.
The sling bullet completely misses you.
Ijyb zaps a wand.
Your mind is blasted!
You shoot an arrow. The arrow barely misses the goblin.
The arrow hits the goblin.
You kill the goblin!
You shoot an arrow. The arrow closely misses the goblin.
You shoot an arrow. The arrow hits the goblin.
You kill the goblin!
Ijyb zaps a wand.
Your mind is blasted!
The goblin barely misses you.
You shoot an arrow. The arrow misses the goblin.
The goblin hits you but does no damage.
You shoot an arrow. The arrow hits the goblin.
You kill the goblin!
You hear the slow hiss of an avalanche of sand nearby.
You shoot an arrow. The arrow hits Ijyb but does no damage.
You shoot an arrow. The arrow closely misses Ijyb.
Ijyb zaps a wand.
Your mind is blasted!
You die...

######...
.8.8.8..#
........#
........#
..).....#
........#
..))gg).#
.8.8.8)@#
#########
#### #...
#.## #.#.
#..#
##.##


You could see Ijyb and a goblin.

Vanquished Creatures
  An ogre (D:4)
  A hound (D:3)
  Natasha (thrice) (D:3)
  3 adders
  2 ribbon worms
  An orc (D:3)
  2 bats (D:3)
  7 endoplasms
  2 giant cockroaches
  5 hobgoblins
  2 ball pythons
  3 frilled lizards
  16 goblins
  A kobold (D:2)
  5 rats
54 creatures vanquished.

Notes
Turn   | Place    | Note
-------+----------+-------------------------------------------
     0 | D:1      | qw the Spriggan Hunter began the quest for the Orb.
     0 | D:1      | Reached XP level 1. HP: 10/10 MP: 2/2
     0 | D:1      | 0 ||| qw: Version: 0.3-a-160-g6735b56
     0 | D:1      | 0 ||| qw: Game counter: 6458
     0 | D:1      | 0 ||| qw: Melee chars always use a shield: true
     0 | D:1      | 0 ||| qw: God list: Okawaru
     0 | D:1      | 0 ||| qw: Allow faded altars: false
     0 | D:1      | 0 ||| qw: Do Orc after clearing Dungeon:15 true
     0 | D:1      | 0 ||| qw: Do second Lair branch before Depths: true
     0 | D:1      | 0 ||| qw: Lair rune preference: random
     0 | D:1      | 0 ||| qw: Goals: Normal
     0 | D:1      | 0 ||| PLANNING D:1-11
    77 | D:1      | Reached skill level 3 in Dodging
   293 | D:1      | Reached XP level 2. HP: 14/14 MP: 3/3
   453 | D:1      | 453 ||| READING scroll labelled WEETWONEIRI.
   453 | D:1      | 453 ||| ENCHANTING +0 shortbow.
   454 | D:1      | 454 ||| READING scroll labelled YMUASI TIOCEIHU.
   454 | D:1      | 454 ||| IDENTIFYING lumpy dark potion
   455 | D:1      | 455 ||| DRINKING 2 orange potions.
   456 | D:1      | 456 ||| DROPPING scroll of butterflies.
   457 | D:1      | 457 ||| DROPPING potion of invisibility.
   546 | D:2      | Identified the +5 mace "Vikior" {holy, rF+}
   877 | D:2      | Reached XP level 3. HP: 18/18 MP: 4/4
  1101 | D:2      | Found a faded altar of an unknown god.
  1262 | D:2      | 1262 ||| READING scroll of identify.
  1262 | D:2      | 1262 ||| IDENTIFYING glowing amethyst potion
  1263 | D:2      | 1263 ||| READING scroll labelled KOAMAUTO TIUN.
  1268 | D:2      | 1268 ||| READING scroll labelled VAGOASSIGIL.
  1302 | D:2      | 1302 ||| DRINKING 2 bubbling black potions.
  1303 | D:2      | 1303 ||| DROPPING potion of attraction.
  1486 | D:3      | Reached skill level 5 in Ranged Weapons
  1496 | D:3      | Noticed Natasha
  1501 | D:3      | Killed Natasha
  1502 | D:3      | Reached XP level 4. HP: 22/22 MP: 5/5
  1523 | D:3      | Noticed Natasha
  1529 | D:3      | Killed Natasha
  1670 | D:3      | Noticed Natasha
  1674 | D:3      | HP: 3/22 [Natasha/magic dart (6)]
  1675 | D:3      | 1675 ||| DRINKING potion of heal wounds.
  1677 | D:3      | Killed Natasha
  1968 | D:3      | Reached XP level 5. HP: 25/26 MP: 6/6
  2019 | D:3      | 2019 ||| READING scroll labelled BEYHYD POMIGUN.
  2061 | D:4      | 2061 ||| PLANNING OSSUARY
  2246 | D:4      | Noticed an ogre
  2258 | D:4      | HP: 6/26 [ogre/+0 giant club (12)]
  2259 | D:4      | 2259 ||| READING scroll of teleportation.
  2262 | D:4      | Killed an ogre
  2263 | D:4      | Reached skill level 6 in Ranged Weapons
  2265 | D:4      | Noticed Ijyb
  2269 | D:4      | HP: 3/26 [disintegration (5)]
  2273 | D:4      | Blown up by Ijyb

Levels and vault maps discovered:
D:1:      scummos_arrival_simple_fountains, layout_basic, minmay_misc_feat_five
D:2:      layout_basic, serial_corexii_hall, corexii_hall_statues_i,
          corexii_hall_statues_s, hellmonk_ecumenical_altar_inner_sanctum
D:3:      layout_basic, roderic_serpentine_path, grunt_decor_junction,
          uniq_natasha
D:4:      kennysheep_the_goblin_king, layout_loops_corners,
          minmay_temple_entry_proselytizer, enter_ossuary_4,
          minmay_ogre_servants

Skill      XL: |  1  2  3  4  5 |
---------------+----------------+-----
Dodging        | 3 4 5 |  5.2
Ranged Weapons | 5 6 |  6.1
Fighting       | 2 |  2.1
Stealth        | |  1.5

Action                     |  1- 3 |  4- 6 || total
---------------------------+-------+-------++-------
   Fire: Shortbow          |    77 |    56 ||   133
    Use: Scroll            |     5 |     2 ||     7
         Potion            |     2 |     1 ||     3
 Armour: Robe              |     3 |    14 ||    17
  Dodge: Dodged            |     5 |    42 ||    47

Table legend:
 A = Non-vault XP
 B = Vault XP
 C = Vault XP percentage of total XP
 D = Non-vault monster count
 E = Vault monster count
 F = Vault count percentage of total count
                 A         B        C        D         E       F
            +---------+---------+-------+---------+---------+-------
      Total |     213 |     165 |  43.7 |      42 |      12 |  22.2
            +---------+---------+-------+---------+---------+-------
        D:1 |      13 |       0 |   0.0 |      10 |       0 |   0.0
        D:2 |      36 |       0 |   0.0 |      13 |       0 |   0.0
        D:3 |     151 |      35 |  18.8 |      18 |       1 |   5.3
        D:4 |      13 |     130 |  90.9 |       1 |      11 |  91.7
            +---------+---------+-------+---------+---------+-------
